 Dungeon Crawl Stone Soup version 0.32-a0-975-g85d4e5bfdb (webtiles) character file.

Game seed: 15500669199212139782

1919 Essalna the Magician (level 8, -1/48 HPs)
             Began as a Deep Elf Fire Elementalist on Apr 19, 2024.
             Was a Follower of Vehumet.
             Engulfed by a steam dragon's steam (4 damage)
             ... on level 7 of the Dungeon.
             The game lasted 00:13:12 (8378 turns).

Essalna the Magician (Deep Elf Fire Elementalist)   Turns: 8378, Time: 00:13:13

Health: -1/48      AC:  6    Str:  8    XL:     8   Next: 95%
Magic:  27/30      EV: 12    Int: 23    God:    Vehumet [*.....]
Gold:   325        SH:  5    Dex: 18    Spells: 15/22 levels left

rFire   . . .        m - +11 spear of the Orcish Mines {freeze, rElec Str+3 Dex+3}
rCold   + . .        L - +0 buckler
rNeg    . . .        a - +0 robe
rPois   .            (no helmet)
rElec   +            p - +2 cloak
rCorr   .            f - +0 pair of gloves "Wocemin" {MP+9}
SInv    .            (no boots)
Will    .....        (no amulet)
Stlth   ++           e - ring of protection from cold
HPRegen 0.28/turn    k - ring of flight
MPRegen 0.22/turn

%: no passive effects
@: about to teleport, flying
A: no striking features
a: Renounce Religion


You were on level 7 of the Dungeon.
You worshipped Vehumet.
Vehumet was aware of your devotion.
You visited 2 branches of the dungeon, and saw 8 of its levels.
You also visited: Sewer.

You collected 325 gold pieces.

Inventory:

Hand Weapons
 m - the +11 spear of the Orcish Mines (weapon) {freeze, rElec Str+3 Dex+3}
   (You found it on level 5 of the Dungeon)

   Str+3:     It affects your strength (+3).
   Dex+3:     It affects your dexterity (+3).
   rElec:     It insulates you from electricity.
 u - a +2 dagger of venom
 A - a +2 spear of venom
Missiles
 x - 3 throwing nets
Armour
 a - a +0 robe (worn)
 f - the +0 pair of gloves "Wocemin" (worn) {MP+9}
   (You acquired it on level 5 of the Dungeon)

   MP+9:      It affects your magic capacity (+9).
 p - a +2 cloak (worn)
 L - a +0 buckler (worn)
Jewellery
 e - a ring of protection from cold (left hand)
 k - a ring of flight (right hand)
 t - the ring "Liwoenoz" {Ice *Corrode rElec Int+3}
   (You found it on level 3 of the Dungeon)

   [ring of ice]

   Ice:       It enhances your ice magic.
   Int+3:     It affects your intelligence (+3).
   rF-:       It makes you vulnerable to fire.
   rC+:       It protects you from cold.
   rElec:     It insulates you from electricity.
   *Corrode:  It may corrode you when you take damage.
Wands
 v - a wand of paralysis (14)
 y - a wand of digging (6)
 M - a wand of warping (16)
 O - a wand of flame (14)
Scrolls
 c - 4 scrolls of blinking
 d - 6 scrolls of teleportation
 r - a scroll of vulnerability
 s - 2 scrolls of amnesia
 w - 2 scrolls of brand weapon
 B - 2 scrolls of poison
 C - a scroll of fog {unknown}
 E - a scroll of butterflies {unknown}
 H - a scroll of enchant armour {unknown}
 J - a scroll of enchant weapon {unknown}
 K - a scroll of identify
Potions
 b - a potion of magic
 g - 3 potions of mutation {unknown}
 h - a potion of attraction {unknown}
 i - a potion of lignification {unknown}
 j - 3 potions of enlightenment {unknown}
 l - 3 potions of curing {unknown}
 n - 5 potions of brilliance {unknown}
 o - 2 potions of heal wounds {unknown}
 q - 3 potions of invisibility {unknown}
 z - a potion of resistance {unknown}
 D - 2 potions of haste {unknown}
 F - 2 potions of cancellation {unknown}
 G - a potion of might {unknown}
 I - a potion of ambrosia {unknown}
 N - a potion of degeneration {unknown}


   Skills:
 + Level 4.3 Fighting
 + Level 1.9 Armour
 + Level 3.9 Dodging
 - Level 2.4 Stealth
 + Level 2.0 Shields
 + Level 7.6 Spellcasting
 + Level 5.7 Conjurations
 + Level 6.6 Fire Magic


You had 15 spell levels left.
You knew the following spells:

 Your Spells              Type           Power      Damage    Failure   Level
a - Foxfire               Conj/Fire      100%       2x1d9     1%          1
b - Scorch                Fire           78%        2d8       1%          2
c - Flame Wave            Conj/Fire      37%        2d10      9%          4

Your spell library contained the following spells:

 Spells                   Type           Power      Damage    Failure   Level
 Kiss of Death            Conj/Necr      84%        2d11      3%          1
 Momentum Strike          Conj/Tloc      42%        3d9       5%          2
 Inner Flame              Hex/Fire       24%        N/A       9%          3
 Volatile Blastmotes      Fire/Tloc      48%        2d14      9%          3
 Blink                    Tloc           16%        N/A       17%         2
 Lesser Beckoning         Tloc           16%        N/A       17%         2


Dungeon Overview and Level Annotations

Branches:
Dungeon (7/15)             Temple (1/1) D:6           Sewer (visited)

Altars:
Ashenzari
Cheibriados
Dithmenos
Elyvilon
Fedhas
Gozag
Hepliaklqana
Kikubaaqudgha
Nemelex Xobeh
Okawaru
Qazlal
Ru
Sif Muna
Trog
Uskayaw
Vehumet
Wu Jian
Xom
Zin
The Shining One

Shops:
D:2 [   D:4 !   D:6 =


Message History

Found 2 boomerangs.
You conjure some foxfire!
You conjure some foxfire!
The cyclops shouts!
You conjure some foxfire!
The foxfire hits the cyclops.
The cyclops is lightly wounded.
The foxfire hits the cyclops.
The cyclops is moderately wounded.
The foxfire hits the cyclops.
The cyclops is moderately wounded.
You conjure some foxfire!
The foxfire hits the cyclops.
The cyclops is moderately wounded.
The cyclops throws a large rock.
The large rock hits you!!
Ouch! That really hurt!
You hear an angry hiss.
You are too injured to fight recklessly!
You are too injured to fight recklessly!
You are too injured to fight recklessly!
You are too injured to fight recklessly!
You are too injured to fight recklessly!
Casting: Foxfire (safe; 1% risk of failure)
Confirm with . or Enter, or press ? or * to list all spells.
You conjure some foxfire!
The foxfire hits the cyclops.
The cyclops is moderately wounded.
The foxfire hits the cyclops but does no damage.
The cyclops is moderately wounded.
A steam dragon comes into view.
The foxfire hits the cyclops.
The cyclops is heavily wounded.
The foxfire hits the cyclops.
The cyclops is heavily wounded.
The foxfire hits the cyclops.
The cyclops is heavily wounded.
As you read the scroll of teleportation, it crumbles to dust.
You feel strangely unstable. The steam dragon breathes steam at you.
The ball of steam hits you!
* * * LOW HITPOINT WARNING * * *
You are engulfed in a cloud of scalding steam.
You die...

#.# ##...##.# #.#
#..###.#
#.#####...##.#
#............#
########..#### #..#
#..# #####..####
##..^....@.#
..^..^..##ยง#
.......^.v#D#
......C.....#
.....^.......#
.......^..^...#
##.....^^.......#
..^ .^.....D..^^#
##.#(...^^^.......#


You could see a cyclops and a steam dragon.

Vanquished Creatures
  A water moccasin (D:4)
  A black bear (D:6)
  A crocodile (Sewer)
  A centaur (D:6)
  2 kobold brigands (Sewer)
  Blork the orc (D:5)
  A bullfrog (D:6)
  5 wights (D:7)
  3 killer bees (D:7)
  A howler monkey (D:6)
  3 hounds
  A bombardier beetle (D:5)
  3 sleepcaps
  An iguana (D:5)
  6 orc wizards
  17 gnolls
  13 adders
  2 shadow imps (D:5)
  3 white imps
  2 dart slugs
  9 ribbon worms
  21 orcs
  9 ball pythons
  9 endoplasms
  6 giant cockroaches
  7 goblins
  4 hobgoblins
  10 jackals
  13 kobolds
  4 quokkas
  5 bats
  5 frilled lizards
  7 rats
177 creatures vanquished.

Vanquished Creatures (others)
  814 foxfires
814 creatures vanquished.

Grand Total: 991 creatures vanquished

Notes
Turn   | Place    | Note
-------+----------+-------------------------------------------
     0 | D:1      | Essalna the Deep Elf Fire Elementalist began the quest for
                  | the Orb.
     0 | D:1      | Reached XP level 1. HP: 10/10 MP: 6/6
   292 | D:1      | Reached XP level 2. HP: 16/16 MP: 5/8
   842 | D:1      | Found a faded altar of an unknown god.
  1398 | D:2      | Reached XP level 3. HP: 20/20 MP: 6/10
  1433 | D:2      | Reached skill level 1 in Fighting
  1616 | D:2      | Found Jaxtaus's Antique Armour Boutique.
  2230 | D:2      | Reached XP level 4. HP: 25/25 MP: 9/11
  2354 | D:2      | Reached skill level 4 in Spellcasting
  2772 | D:3      | Identified the ring "Liwoenoz" {Ice *Corrode rElec Int+3}
  3056 | D:3      | Reached XP level 5. HP: 21/30 MP: 8/13
  3163 | D:3      | Learned a level 2 spell: Scorch
  3168 | D:3      | Learned a level 4 spell: Flame Wave
  4135 | D:4      | Reached skill level 5 in Spellcasting
  4135 | D:4      | Reached XP level 6. HP: 35/35 MP: 10/15
  4362 | D:4      | Noticed a water moccasin
  4374 | D:4      | Killed a water moccasin
  4375 | D:4      | Reached skill level 5 in Fire Magic
  4693 | D:4      | Reached XP level 7. HP: 40/40 MP: 15/17
  4737 | D:4      | Found Ohiodwen's Distillery.
  4945 | D:5      | Entered Level 5 of the Dungeon
  4954 | D:5      | Identified a scroll of acquirement
  4954 | D:5      | Acquired the +0 pair of gloves "Wocemin" {MP+9}
  4960 | D:5      | Noticed Blork the orc
  4970 | D:5      | Killed Blork the orc
  5090 | D:5      | Identified the +11 spear of the Orcish Mines {freeze, rElec
                  | Str+3 Dex+3}
  5137 | D:5      | Reached skill level 6 in Spellcasting
  5156 | D:5      | Found a glowing drain.
  5174 | Sewer    | Entered a sewer
  6114 | D:5      | Reached skill level 5 in Conjurations
  6114 | D:5      | Reached XP level 8. HP: 46/46 MP: 20/20
  7097 | D:6      | Found Nacs's Jewellery Shop.
  7261 | D:6      | Found a staircase to the Ecumenical Temple.
  7312 | Temple   | Entered the Ecumenical Temple
  7327 | Temple   | Became a worshipper of Vehumet
  7524 | D:6      | Reached skill level 1 in Shields
  7524 | D:6      | Reached skill level 7 in Spellcasting
  7526 | D:6      | Reached skill level 1 in Armour
  7934 | D:6      | Found an ornate altar of the Wu Jian Council.
  7937 | D:6      | Found a glowing silver altar of Zin.
  7968 | D:7      | Reached * piety under Vehumet
  7968 | D:7      | Offered knowledge of Kiss of Death by Vehumet.
  8121 | D:7      | Noticed a cyclops
  8378 | D:7      | Engulfed by a steam dragon's steam

Illustrated notes

Levels and vault maps discovered:
D:1:      matt_arrival_refuge, layout_loops_ring,
          hellmonk_ecumenical_altar_leap_of_faith,
          chequers_serial_rivers_small_b
D:2:      minmay_razor_zed, layout_basic, serial_shops,
          nicolae_shop_real_fake_doors
D:3:      cheibrodos_helix_gallery, layout_basic
D:4:      layout_loops_cross, nicolae_wooded_promenade
D:5:      layout_layer_cave, cheibrodos_sewer_entry_bend,
          amcnicky_mini_corridor_feature, uniq_blork_the_orc
D:6:      layout_rooms, jmf_multi_god_temple2, minmay_temple_entry_tees,
          serial_shops, nicolae_shop_stone, minmay_misc_feat_columns,
          nicolae_half_adder
D:7:      layout_loops_ring, gammafunk_ghost_necromancy, minmay_holes,
          amethyst_killhole
Temple:   regret_index_temple_chain_breaker

Skill      XL: |  1  2  3  4  5  6  7  8 |
---------------+-------------------------+-----
Fighting       | 1 2 3 4 |  4.3
Conjurations   | 2 3 4 5 |  5.7
Spellcasting   | 4 5 6 7 |  7.6
Fire Magic     | 4 5 6 |  6.6
Dodging        | 3 |  3.9
Shields        | 2 |  2.0
Armour         | 1 |  1.9
Stealth        | |  2.4

Action                     |  1- 3 |  4- 6 |  7- 9 || total
---------------------------+-------+-------+-------++-------
  Melee: Unarmed           |    10 |     1 |       ||    11
         Dagger            |       |    14 |       ||    14
         Spear             |       |     4 |     8 ||    12
   Cast: Foxfire           |    92 |   169 |   234 ||   495
         Scorch            |       |     8 |     8 ||    16
         Flame Wave        |       |       |     3 ||     3
    Use: Scroll            |       |       |    10 ||    10
   Stab: Sleeping          |       |       |     1 ||     1
 Armour: Robe              |    13 |    22 |    25 ||    60
  Dodge: Dodged            |     8 |    22 |    19 ||    49
  Block: Buckler           |       |       |     5 ||     5

Table legend: (Time is in decaauts)
 A = Elapsed time spent in this place.
 B = Non-inter-level travel time spent in this place.
 C = Inter-level travel time spent in this place.
 D = Time resting spent in this place.
 E = Time spent auto-exploring this place.
 F = Levels seen in this place.
 G = Mean time per level.
                   A        B        C        D        E       F      G
               +--------+--------+--------+--------+--------+-----+--------+
         Total |   8374 |   8086 |    288 |      0 |   7059 |   9 |  930.4 |
       Dungeon |   7702 |   7442 |    260 |      0 |   6523 |   7 | 1100.3 |
        Temple |     30 |      2 |     28 |      0 |      0 |   1 |   30.0 |
         Sewer |    641 |    641 |      0 |      0 |    536 |   1 |  641.0 |
               +--------+--------+--------+--------+--------+-----+--------+

Top non-repeatable levels by time:
     D:2: 1573 daAuts
     D:4: 1521 daAuts
     D:5: 1474 daAuts
     D:1: 946 daAuts
     D:3: 901 daAuts
     D:6: 876 daAuts
   Sewer: 641 daAuts
     D:7: 409 daAuts
  Temple: 30 daAuts
